 Dungeon Crawl Stone Soup version 0.30-a0-860-g512cf1e979 (webtiles) character file.

Game seed: 10385813683984802071

149807 RepoMan the Fighter (level 16, -2/133 HPs)
             Began as a Mummy Conjurer on Mar 4, 2023.
             Was a High Priest of Sif Muna.
             Killed from afar by a salamander tyrant (49 damage)
             ... on level 2 of the Snake Pit on Mar 7, 2023.
             The game lasted 05:02:22 (41612 turns).

RepoMan the Fighter (Mummy Conjurer)               Turns: 41612, Time: 05:02:23

Health: -2/133     AC: 14    Str: 10    XL:     16   Next: 97%
Magic:  15/42      EV: 17    Int: 34    God:    Sif Muna [*****.]
Gold:   84         SH:  7    Dex: 16    Spells: 2/41 levels left

rFire   + . .      SeeInvis .    w - +9 short sword of Fear {speed, rCorr Int+3 Dex+3}
rCold   + . .      Faith    +    D - +2 buckler
rNeg    + + +      Spirit   .    M - +0 robe "Ynacvem" {rF+ rC+ Dex+2 Stlth+}
rPois   ∞          Reflect  .    U - +1 helmet {Int+3}
rElec   .          Rampage  .    n - +5 cloak "Tapieth" {Int+3}
rCorr   +                        o - +2 pair of gloves
Will    ++...                    b - +0 pair of boots
Stlth   +++                      G - amulet of regeneration
HPRegen 1.22/turn                Q - ring of fire
MPRegen 0.28/turn                I - ring of magical power

@: weakened, studying Fighting
A: cold resistance 1, negative energy resistance 3, torment resistance 2, heat
vulnerability 1, in touch with death 2, no potions, faith
a: Renounce Religion, Channel Magic, Forget Spell, Divine Exegesis


You were on level 2 of the Snake Pit.
You worshipped Sif Muna.
Sif Muna was extremely pleased with you.
You visited 5 branches of the dungeon, and saw 25 of its levels.
You also visited: Ossuary, Bailey, Gauntlet and Volcano.

You collected 3058 gold pieces.
You spent 2974 gold pieces at shops.

Inventory:

Hand Weapons
 w - the +9 short sword of Fear (weapon) {speed, rCorr Int+3 Dex+3}
   (You found it on level 6 of the Dungeon)

   Int:       It affects your intelligence (+3).
   Dex:       It affects your dexterity (+3).
   rCorr:     It protects you from acid and corrosion.
Missiles
 F - 3 throwing nets
 N - a curare-tipped dart
Armour
 b - a +0 pair of boots (worn)
 n - the +5 cloak "Tapieth" (worn) {Int+3}
   (You found it in a Gauntlet)

   Int:       It affects your intelligence (+3).
 o - a +2 pair of gloves (worn)
 y - a +1 robe of cold resistance
 A - a +0 troll leather armour
 D - a +2 buckler (worn)
 H - a +1 cloak of willpower
 M - the +0 robe "Ynacvem" (worn) {rF+ rC+ Dex+2 Stlth+}
   (You took it off a centaur on level 10 of the Dungeon)

   Dex:       It affects your dexterity (+2).
   rF:        It protects you from fire.
   rC:        It protects you from cold.
   Stlth:     It makes you more stealthy.
 O - a +0 robe of the Archmagi
 U - a +1 helmet of intelligence (worn)
Magical Staves
 e - a staff of air
Jewellery
 h - a ring of resist corrosion
 G - an amulet of regeneration (around neck)
 I - a ring of magical power (right hand)
 K - the ring "Wieboyff" {rPois Str+6 SInv}
   (You took it off a centaur on level 10 of the Dungeon)

   [ring of strength]

   Str:       It affects your strength (+6).
   rPois:     It protects you from poison.
   SInv:      It lets you see invisible.
 Q - a ring of fire (left hand)
Wands
 k - a wand of iceblast (21)
 p - a wand of digging (5)
 r - a wand of mindburst (15)
 t - a wand of flame (31)
 B - a wand of light (5)
 E - a wand of polymorph (6)
 R - a wand of paralysis (8)
Scrolls
 c - 4 scrolls of vulnerability
 d - a scroll of amnesia
 f - 4 scrolls of enchant weapon
 g - 5 scrolls of fear
 i - 6 scrolls of enchant armour
 j - 3 scrolls of fog
 m - 2 scrolls of magic mapping
 q - 16 scrolls of teleportation
 s - 8 scrolls of immolation
 u - 5 scrolls of silence
 v - 2 scrolls of brand weapon
 x - 11 scrolls of blinking
 z - 2 scrolls of summoning
 J - a scroll of torment
 P - 4 scrolls of poison
Miscellaneous
 a - a tin of tremorstones (2/2)
 C - a phial of floods
 T - a box of beasts
 V - a lightning rod (4/4)


   Skills:
 + Level 14.0 Fighting
 + Level 9.6 Dodging
 - Level 1.5 Stealth
 - Level 4.4 Shields
 + Level 13.1 Spellcasting
 - Level 12.2 Conjurations
 - Level 6.6 Hexes
 - Level 3.3 Translocations
 - Level 1.1 Transmutations
 * Level 10.5 Fire Magic
 - Level 5.5 Poison Magic
 + Level 11.0 Invocations


You had 2 spell levels left.
You knew the following spells:

 Your Spells              Type           Power      Damage    Failure   Level
c - Mephitic Cloud        Conj/Pois/Air  58%        N/A       1%          3
d - Dazzling Flash        Conj/Hex       100%       N/A       1%          3
e - Fireball              Conj/Fire      49%        3d19      1%          5
f - Foxfire               Conj/Fire      100%       2x1d9     1%          1
g - Apportation           Tloc           88%        N/A       1%          1
i - Ignite Poison         Fire/Tmut/Pois 75%        N/A       1%          3
m - Iskenderun's Mystic   Conj/Tloc      66%        2d14      1%          4
p - Fulminant Prism       Conj/Hex       36%        3d18      1%          4
q - Magic Dart            Conj           100%       1d8       0%          1
r - Scorch                Fire           100%       2d10      1%          2
t - Olgreb's Toxic Radia  Pois           56%        N/A       2%          4
v - Poisonous Vapours     Pois/Air       82%        N/A       1%          2
x - Starburst             Conj/Fire      49%        6d14      3%          6

Your spell library contained the following spells:

 Spells                   Type           Power      Damage    Failure   Level
 Kiss of Death            Conj/Necr      100%       2d13      1%          1
 Sting                    Tmut/Pois      100%       1d8       1%          1
 Cigotuvi's Dreadful Rot  Necr/Pois/Air  100%       N/A       1%          2
 Ensorcelled Hibernation  Hex/Ice        88%        N/A       1%          2
 Momentum Strike          Conj/Tloc      100%       3d10      1%          2
 Searing Ray              Conj           100%       2d8       1%          2
 Necrotise                Necr           100%       1d9       2%          1
 Sandblast                Erth           44%        2d11      2%          1
 Summon Small Mammal      Summ           88%        N/A       2%          1
 Call Imp                 Summ           22%        N/A       3%          2
 Passwall                 Tmut/Erth      21%        N/A       3%          2
 Confusing Touch          Hex            61%        N/A       1%          3
 Hailstorm                Conj/Ice       59%        3d13      1%          3
 Inner Flame              Hex/Fire       88%        N/A       1%          3
 Portal Projectile        Hex/Tloc       100%       N/A       1%          3
 Stone Arrow              Conj/Erth      100%       3d13      1%          3
 Summon Guardian Golem    Hex/Summ       44%        N/A       1%          3
 Cause Fear               Hex            30%        N/A       1%          4
 Flame Wave               Conj/Fire      99%        2d21      1%          4
 Sticky Flame             Conj/Fire      99%        2d11      1%          4
 Irradiate                Conj/Tmut      30%        3d21      4%          5
 Anguish                  Hex/Necr       39%        N/A       6%          4
 Leda's Liquefaction      Hex/Erth       22%        N/A       6%          4
 Manifold Assault         Tloc           44%        N/A       6%          4
 Call Canine Familiar     Summ           22%        N/A       8%          3
 Yara's Violent Unravell  Hex/Tmut       24%        3d11      14%         5
 Alistair's Intoxication  Tmut/Pois      29%        N/A       17%         5
 Silence                  Hex/Air        22%        N/A       17%         5
 Animate Armour           Summ/Erth      44%        N/A       24%         4
 Animate Dead             Necr           50%        N/A       24%         4
 Dispel Undead            Necr           50%        3d19      24%         4
 Summon Ice Beast         Ice/Summ       22%        N/A       24%         4
 Iron Shot                Conj/Erth      29%        9d6       30%         6
 Summon Forest            Summ/Tloc      16%        N/A       34%         5
 Agony                    Necr           50%        N/A       56%         5
 Borgnjor's Vile Clutch   Necr/Erth      25%        N/A       56%         5
 Dispersal                Tloc           22%        N/A       67%         6
 Enfeeble                 Hex            30%        N/A       80%         7
 Ignition                 Fire           48%        3d14      91%         8
 Death Channel            Necr           25%        N/A       98%         6
 Simulacrum               Ice/Necr       25%        N/A       98%         6
 Summon Cactus Giant      Summ           11%        N/A       98%         6
 Haunt                    Necr/Summ      25%        N/A       100%        7
 Malign Gateway           Summ/Tloc      16%        N/A       100%        7
 Monstrous Menagerie      Summ           11%        N/A       100%        7
 Ozocubu's Refrigeration  Ice            11%        4d9       100%        7
 Summon Hydra             Summ           11%        N/A       100%        7
 Disjunction              Tloc           22%        N/A       100%        8
 Fire Storm               Conj/Fire      49%        8d13      100%        9
 Beastly Appendage        Tmut           Unusable   N/A       N/A         1
 Wereblood                Tmut           Unusable   N/A       N/A         2
 Spider Form              Tmut/Pois      Unusable   N/A       N/A         3
 Ice Form                 Ice/Tmut       Unusable   N/A       N/A         4
 Statue Form              Tmut/Erth      Unusable   N/A       N/A         6
 Storm Form               Tmut/Air       Unusable   N/A       N/A         7

Dungeon Overview and Level Annotations

Branches:
Dungeon (15/15)            Temple (1/1) D:5            Lair (5/5) D:9
  Swamp (0/4) Lair:2        Snake (2/4) Lair:3        Slime (0/5) Lair:5
    Orc (2/2) D:10            Elf (0/3) Orc:2        Vaults (0/5) D:13
 Depths (0/4) D:15        Ossuary (visited)          Bailey (visited)
Volcano (visited)         Gauntlet (visited)

Altars:
Ashenzari
Cheibriados
Dithmenos
Fedhas
Gozag
Hepliaklqana
Kikubaaqudgha
Makhleb
Nemelex Xobeh
Okawaru
Qazlal
Ru
Sif Muna
Trog
Uskayaw
Vehumet
Wu Jian
Xom
Yredelemnul

Shops:
D:2 (   D:5 :   D:6 *   D:8 *   D:11 (   D:13 *   D:15 *   Orc:2 ??(?=
Snake:2 !?=

Annotations:
D:13 2 transporters, thfrgi's ghost, journeyman DsGl
Lair:5 1 runed translucent door


Innate Abilities, Weirdness & Mutations

You are immune to poison.
Your flesh is cold resistant. (rC+)
You are immune to negative energy. (rN+++)
You are immune to unholy pain and torment.
You are vulnerable to heat. (rF-)
You are strongly in touch with the powers of death.
You do not drink.
You have a special connection with the divine. (Faith)


Message History

The salamander tyrant rends the earth beneath you!
The blast of magma engulfs you!! You partially resist.
The salamander tyrant calls gouts of flame from the lava!
The flame surge hits you!! You resist.
Casting: Olgreb's Toxic Radiance (mildly dangerous; 2% risk of failure)
Confirm with . or Enter, or press ? or * to list all spells.
Aiming: Poisonous Vapours (safe; 1% risk of failure)
Press: ? - help, Dir - move target, f - salamander tyrant
Aim: a salamander tyrant (almost dead, extremely poisoned) Poisonous vapours surround the salamander tyrant!
The salamander tyrant looks as sick as possible!
The salamander tyrant gazes fiercely through you!
You feel your attacks grow feeble.
The salamander tyrant calls gouts of flame from the lava!
The flame surge hits you!! You resist.
Casting: Poisonous Vapours (safe; 1% risk of failure)
Confirm with . or Enter, or press ? or * to list all spells.
Aiming: Fulminant Prism (mildly dangerous; 1% risk of failure)
Press: ? - help, Dir - move target, p - salamander tyrant You conjure a prism of explosive energy!
A fulminant prism comes into view.
The salamander tyrant hits your fulminant prism.
Your fulminant prism is engulfed in flames!
Your fulminant prism resists.
The salamander tyrant rends the earth beneath you!
The blast of magma engulfs you! You partially resist.
Your fulminant prism crackles loudly.
Okay, then.
Unknown command.
Unknown command.
Casting: Fulminant Prism (mildly dangerous; 1% risk of failure)
Confirm with . or Enter, or press ? or * to list all spells.
Aiming: Poisonous Vapours (safe; 1% risk of failure)
Press: ? - help, Dir - move target, f - salamander tyrant
Aim: a salamander tyrant (almost dead, extremely poisoned, ally target) Poisonous vapours surround the salamander tyrant!
The salamander tyrant looks as sick as possible!
The salamander tyrant rends the earth beneath you!
The blast of magma engulfs you!!! You partially resist.
You die...

........##...####..)##.###.##..#.
.......##.#..#...................
#....###..#######.#.##.####...#..
..#####...##...##.#.##.# ##..#...
..#####..##.....###.##.# #..#####
.........#.......##.##.###...#..?
#........#...#...##.##...[....#..
.........#...##≈≈.#.######.......
.).......#...###@.#..............
.)####)..#...# #≈≈.......#.######
#.####.###...# #...........#
.......# #...# #.........###
..###..###...# #*######### ..#
#...##...# #N# ..####...#...# #'#
...###.......#...)...#
.#..>##.....##.......#


You could see a salamander tyrant (extremely poisoned, ally target) and a
friendly fulminant prism.

Vanquished Creatures
  Mlioglotl (Snake:1)
  Frances (D:12)
  Kirke (Snake:2)
  An emperor scorpion (D:15)
  Roxanne (Snake:1)
  Louise (Snake:1)
  Aizul (Snake:1)
  2 orc warlords
  Azrael (Snake:1)
  The ghost of svjljgwke the Blocker, a journeyman MiFi of Okawaru (D:12)
  A minotaur (Gauntlet)
  2 fire dragons (Lair:5)
  The ghost of whodunnit the Carver, a journeyman DsFi of Qazlal (Lair:2)
  4 vault guards (D:13)
  Erolcha (D:12)
  2 catoblepae
  3 ogre magi
  6 hydras
  3 boulder beetles
  The ghost of Ruockun the Thaumaturge, a journeyman DsNe of Kikubaaqudgha (Lair:3)
  Erica (D:10)
  6 anacondas
  5 centaur warriors
  18 two-headed ogres
  2 alligators (D:13)
  7 naga warriors
  A hell knight (Volcano)
  4 tengu warriors
  3 orc high priests (Orc:2)
  3 shock serpents
  6 naga sharpshooters
  A skyshark (Lair:3)
  A salamander mystic (Volcano)
  A glowing orange brain (shapeshifter) (D:15)
  An orange crystal statue (Gauntlet)
  A wizard (D:14)
  2 bog bodies (Lair:2)
  3 naga ritualists
  2 swamp dragons
  6 orc knights
  2 deep elf pyromancers
  3 lindwurms
  6 cyclopes
  4 orc sorcerers (Orc:2)
  A necromancer (Gauntlet)
  3 mana vipers
  11 salamanders
  15 ugly things
  5 manticores
  Maurice (D:11)
  3 guardian serpents
  2 demonic crawlers (D:13)
  17 black mambas
  12 naga magi
  4 torpor snails (Lair:5)
  15 cane toads
  2 gargoyles
  3 unseen horrors (D:13)
  A yaktaur (D:14)
  3 rime drakes (Lair:5)
  A freezing wraith (D:13)
  12 komodo dragons
  A yaktaur (shapeshifter) (D:2)
  An efreet (D:13)
  2 polar bears
  7 tengu conjurers
  3 meliai (D:14)
  15 trolls
  The ghost of zammaz the Sneak, a novice SpEn of Ashenzari (D:4)
  3 tyrant leeches (Lair:5)
  A queen bee (Lair:1)
  9 hornets
  28 blink frogs
  Sigmund (D:2)
  2 centaur simulacra (D:10)
  4 slime creatures (D:13)
  A vampire (D:13)
  7 wyverns
  9 basilisks
  5 hogs (Snake:2)
  3 wraiths
  37 yaks
  Grum (D:8)
  2 fire bats (D:13)
  3 fire elementals (Snake:1)
  4 vampire mosquitoes (D:14)
  3 steam dragons
  4 wargs
  21 nagas
  2 swamp worms (Lair:2)
  2 acid dragons
  17 water moccasins
  3 hell hounds (Snake:1)
  A swamp drake (Lair:5)
  25 orc warriors
  3 black bears
  12 ogres
  14 wolves
  17 centaurs
  3 kobold brigands
  17 bullfrogs
  5 necrophages (Lair:4)
  10 scorpions
  20 killer bees
  An electric eel (Lair:2)
  6 howler monkeys
  2 vampire bats (D:13)
  4 jellies
  Crazy Yiuf (D:2)
  12 orc priests
  A gnoll bouda (D:7)
  9 hounds
  An iron imp (D:6)
  Ijyb (D:5)
  5 iguanas
  3 sleepcaps
  5 hell rats (Lair:2)
  22 orc wizards
  A mummy (Ossuary)
  8 adders
  4 gnolls
  A river rat (D:4)
  A white imp (D:7)
  4 worms
  A dart slug (D:2)
  54 orcs
  7 endoplasms
  8 giant cockroaches
  13 goblins
  6 hobgoblins
  2 jackals (D:5)
  6 quokkas
  3 training dummies (D:11)
  8 ball pythons
  7 bats
  9 frilled lizards
  18 kobolds
  9 rats
  2 fulminant prisms
809 creatures vanquished.

Vanquished Creatures (collateral kills)
  A salamander (Volcano)
1 creature vanquished.

Vanquished Creatures (others)
  An unseen horror (D:12)
  A human (D:9)
  An orc (Orc:2)
  25 demonic plants (Gauntlet)
  10 foxfires
  437 fulminant prisms
  38 fungi
  99 plants
612 creatures vanquished.

Grand Total: 1422 creatures vanquished

Notes
Turn   | Place    | Note
-------+----------+-------------------------------------------
     0 | D:1      | RepoMan the Mummy Conjurer began the quest for the Orb.
     0 | D:1      | Reached XP level 1. HP: 13/13 MP: 4/4
   187 | D:1      | Found a faded altar of an unknown god.
   465 | D:2      | Found Nuthak's Weapon Boutique.
   579 | D:2      | Reached XP level 2. HP: 19/19 MP: 1/6
   583 | D:2      | Learned a level 2 spell: Searing Ray
   699 | D:2      | Found a runed translucent door.
   699 | D:2      | Noticed Terence
   699 | D:2      | Noticed Crazy Yiuf
   718 | D:2      | Noticed Sigmund
  1128 | D:3      | Gained mutation: You are in touch with the powers of death.
                  | [Mummy growth]
  1128 | D:3      | Reached XP level 3. HP: 24/24 MP: 0/7
  1522 | D:3      | Learned a level 3 spell: Dazzling Flash
  1773 | D:3      | Found a shadowy altar of Dithmenos.
  2443 | D:4      | Noticed a bullfrog
  2443 | D:4      | Found a runed translucent door.
  2446 | D:4      | Reached XP level 4. HP: 30/30 MP: 6/9
  2449 | D:4      | Noticed zammaz's ghost (novice SpEn)
  2464 | D:4      | Found a sand-covered staircase.
  2476 | Ossuary  | Entered an ossuary
  2722 | D:4      | Found a runed translucent door.
  2980 | D:4      | Learned a level 4 spell: Fulminant Prism
  3057 | D:4      | Reached skill level 1 in Hexes
  3057 | D:4      | Reached XP level 5. HP: 35/35 MP: 5/11
  3409 | D:4      | Learned a level 1 spell: Apportation
  3730 | D:5      | Entered Level 5 of the Dungeon
  3744 | D:5      | Found a staircase to the Ecumenical Temple.
  3764 | Temple   | Entered the Ecumenical Temple
  3980 | D:5      | Reached skill level 5 in Conjurations
  4139 | D:5      | Reached XP level 6. HP: 41/41 MP: 6/12
  4330 | D:5      | Reached skill level 5 in Spellcasting
  4485 | D:5      | Reached XP level 7. HP: 44/46 MP: 9/14
  4685 | D:5      | Noticed Ijyb
  4695 | D:5      | Killed Ijyb
  4807 | D:5      | Found Netty's Self-Improvement Boutique.
  5096 | D:6      | Identified the +9 short sword of Fear {speed, rCorr Int+3
                  | Dex+3}
  5160 | D:6      | Found Jean's Assorted Antiques.
  5180 | D:6      | Bought a scroll of identify for 42 gold pieces
  5180 | D:6      | Bought a scroll labelled BAHEAP IREIL for 21 gold pieces
  5180 | D:6      | Bought a scroll of immolation for 84 gold pieces
  5281 | D:6      | Learned a level 4 spell: Iskenderun's Mystic Blast
  5450 | D:6      | Found a radiant altar of Vehumet.
  5590 | D:6      | Reached XP level 8. HP: 52/52 MP: 11/17
  5664 | D:6      | Reached skill level 1 in Translocations
  6281 | D:6      | Found a burning altar of Makhleb.
  6362 | D:6      | Found a shimmering blue altar of Sif Muna.
  6367 | D:6      | Became a worshipper of Sif Muna the Loreminder
  6373 | D:6      | Got Sif Muna's Commentary on Therianthropy
  6377 | D:6      | Got Sif Muna's Tractate on Damage
  6380 | D:6      | Got Sif Muna's Essays on Toxicants
  6707 | D:7      | Reached skill level 1 in Shields
  7046 | D:7      | Reached XP level 9. HP: 52/57 MP: 1/19
  7980 | D:8      | Reached * piety under Sif Muna
  8052 | D:8      | Noticed Grum
  8059 | D:8      | Killed Grum
  8061 | D:8      | Reached skill level 5 in Hexes
  8321 | D:8      | Learned a level 2 spell: Scorch
  8326 | D:8      | Learned a level 4 spell: Flame Wave
  8558 | D:8      | Found an ornate altar of the Wu Jian Council.
  8630 | D:8      | Noticed a komodo dragon
  8817 | D:8      | Found Gozag's Platinum Reserve.
  8818 | D:8      | Found an opulent altar of Gozag.
  8982 | D:9      | Found a staircase to the Lair.
  9084 | D:9      | Reached skill level 1 in Fighting
  9163 | D:8      | Killed a komodo dragon
  9291 | D:9      | Found an ancient bone altar of Kikubaaqudgha.
  9300 | D:9      | Noticed a troll
  9318 | D:9      | Reached XP level 10. HP: 59/67 MP: 9/22
  9323 | D:8      | Reached skill level 2 in Fighting
  9491 | D:8      | Reached ** piety under Sif Muna
  9908 | D:9      | Found a sacrificial altar of Ru.
  9966 | D:9      | Reached skill level 1 in Invocations
 10079 | D:9      | Reached skill level 3 in Fighting
 11041 | D:10     | Entered Level 10 of the Dungeon
 11087 | D:10     | Reached skill level 4 in Fighting
 11115 | D:10     | Noticed Erica
 11125 | D:10     | Killed Erica
 11126 | D:10     | Reached XP level 11. HP: 77/77 MP: 1/24
 11226 | D:10     | Found a flagged portal.
 11297 | Bailey   | Entered a bailey
 11349 | Bailey   | Noticed an orc warlord
 11517 | Bailey   | Reached *** piety under Sif Muna
 11679 | Bailey   | Found a runed translucent gate.
 11680 | Bailey   | Found a runed translucent gate.
 11681 | Bailey   | Found a runed translucent gate.
 11872 | Bailey   | Killed an orc warlord
 12009 | D:10     | Noticed a two-headed ogre
 12010 | D:10     | Noticed a two-headed ogre
 12032 | D:10     | Killed a two-headed ogre
 12033 | D:10     | Reached skill level 5 in Fighting
 12243 | D:10     | Noticed a deep elf pyromancer
 12634 | D:10     | Killed a two-headed ogre
 12665 | D:10     | Noticed a two-headed ogre
 12677 | D:10     | Killed a two-headed ogre
 12687 | D:10     | Identified the +5 mace of Dominance {flame, *Rage rC+ SInv}
 12897 | D:10     | Noticed a centaur warrior
 12914 | D:10     | Killed a centaur warrior
 13098 | D:10     | Identified the +5 quarterstaff of Ruic {pain, rElec Int+5
                  | SInv Stlth-}
 13361 | D:10     | Reached skill level 6 in Fighting
 13566 | D:10     | Killed a deep elf pyromancer
 13567 | D:10     | Reached skill level 5 in Invocations
 13574 | D:10     | Identified the +11 great sword of Sekeq {chaos, Contam rN++
                  | Dex+4}
 13574 | D:10     | Identified the +0 robe "Ynacvem" {rF+ rC+ Dex+2 Stlth+}
 13574 | D:10     | Identified the ring "Wieboyff" {rPois Str+6 SInv}
 13716 | D:11     | Noticed a two-headed ogre
 13729 | D:11     | Noticed a boulder beetle
 13736 | D:11     | Learned a level 1 spell: Sting
 13770 | D:11     | Killed a boulder beetle
 13776 | D:11     | Found a gate leading to a gauntlet.
 13797 | Gauntlet | Entered a Gauntlet
 13797 | Gauntlet | Found a transporter.
 13806 | Gauntlet | Found a transporter.
 13821 | Gauntlet | Found a transporter.
 13824 | Gauntlet | Noticed a green ugly thing
 13824 | Gauntlet | Noticed a cyan ugly thing
 13824 | Gauntlet | Noticed a green ugly thing
 13825 | Gauntlet | Noticed a purple ugly thing
 13826 | Gauntlet | Noticed a great orb of eyes
 13826 | Gauntlet | Noticed a glowing orange brain
 13827 | Gauntlet | Found a transporter.
 13852 | Gauntlet | Found a transporter.
 13861 | Gauntlet | Found a transporter.
 13873 | Gauntlet | Noticed a glowing orange brain
 13889 | Gauntlet | Found a transporter.
 13894 | Gauntlet | Found a transporter.
 13896 | Gauntlet | Found a transporter.
 13919 | Gauntlet | Found a transporter.
 13922 | Gauntlet | Noticed a cyan ugly thing
 13924 | Gauntlet | Found a transporter.
 13924 | Gauntlet | Noticed a white ugly thing
 13925 | Gauntlet | Noticed a great orb of eyes
 13944 | Gauntlet | Noticed a quicksilver ooze
 13945 | Gauntlet | Found a transporter.
 13950 | Gauntlet | Found a transporter.
 13952 | Gauntlet | Found a transporter.
 13971 | Gauntlet | Found a transporter.
 13971 | Gauntlet | Noticed an orange crystal statue
 13988 | Gauntlet | Found a transporter.
 14009 | Gauntlet | Found a transporter.
 14010 | Gauntlet | Noticed a tengu warrior
 14011 | Gauntlet | Found a runed translucent gate.
 14011 | Gauntlet | Found a runed translucent gate.
 14011 | Gauntlet | Found a runed translucent gate.
 14012 | Gauntlet | Found a large runed translucent door.
 14012 | Gauntlet | Found a large runed translucent door.
 14014 | Gauntlet | Found a large runed translucent door.
 14015 | Gauntlet | Found a large runed translucent door.
 14020 | Gauntlet | Found a large runed translucent door.
 14020 | Gauntlet | Found a large runed translucent door.
 14022 | Gauntlet | Found a large runed translucent door.
 14022 | Gauntlet | Found a large runed translucent door.
 14024 | Gauntlet | Found a large runed translucent door.
 14024 | Gauntlet | Found a large runed translucent door.
 14024 | Gauntlet | Found a runed translucent door.
 14024 | Gauntlet | Found a runed translucent door.
 14025 | Gauntlet | Found a large runed translucent door.
 14026 | Gauntlet | Found a large runed translucent door.
 14031 | Gauntlet | Noticed a necromancer
 14035 | Gauntlet | Found a large runed translucent door.
 14035 | Gauntlet | Found a large runed translucent door.
 14036 | Gauntlet | Found a large runed translucent door.
 14037 | Gauntlet | Found a large runed translucent door.
 14037 | Gauntlet | Found a transporter.
 14064 | Gauntlet | Killed a necromancer
 14064 | Gauntlet | Reached **** piety under Sif Muna
 14065 | Gauntlet | Reached XP level 12. HP: 81/89 MP: 8/25
 14086 | Gauntlet | Reached skill level 10 in Conjurations
 14170 | Gauntlet | Killed a tengu warrior
 14171 | Gauntlet | Reached skill level 1 in Fire Magic
 14416 | Gauntlet | Reached skill level 7 in Fighting
 14425 | Gauntlet | Identified the +5 cloak "Tapieth" {Int+3}
 14482 | Gauntlet | Noticed a minotaur
 14490 | Gauntlet | Killed a minotaur
 14577 | D:11     | Noticed a boulder beetle
 14594 | D:11     | Noticed a two-headed ogre
 14611 | D:11     | Killed a boulder beetle
 14698 | D:11     | Killed a two-headed ogre
 14776 | D:11     | Found Narghismy's Firing Range.
 14783 | D:11     | Bought a throwing net for 39 gold pieces
 14995 | D:11     | Killed a two-headed ogre
 15273 | D:11     | Noticed Maurice
 15279 | D:11     | Killed Maurice
 15562 | Lair:1   | Entered Level 1 of the Lair of Beasts
 16308 | Lair:1   | Reached skill level 5 in Dodging
 16601 | Lair:1   | Reached skill level 8 in Fighting
 17113 | Lair:1   | Identified the +4 battleaxe of Exchange {drain, Will-
                  | Int+4}
 17198 | Lair:1   | Gained mutation: You are strongly in touch with the powers
                  | of death. [Mummy growth]
 17198 | Lair:1   | Reached XP level 13. HP: 98/98 MP: 12/26
 17664 | Lair:2   | Found a runed translucent gate.
 17664 | Lair:2   | Found a runed translucent gate.
 17664 | Lair:2   | Noticed whodunnit's ghost (journeyman DsFi)
 17665 | Lair:2   | Found a runed translucent gate.
 18005 | Lair:2   | Reached ***** piety under Sif Muna
 18215 | Lair:2   | Found a staircase to the Swamp.
 18344 | Lair:2   | Received a gift from Sif Muna
 18346 | Lair:2   | Got Sif Muna's Almanac of Metamorphosis and Illusion {god
                  | gift}
 19063 | Lair:3   | Upgraded the game from 0.30-a0-851-gbd0d260d8e to
                  | 0.30-a0-859-gf88a04b62d
 19067 | Lair:3   | Learned a level 3 spell: Ignite Poison
 19072 | Lair:3   | Learned a level 4 spell: Olgreb's Toxic Radiance
 19208 | Lair:3   | Found a runed translucent door.
 19212 | Lair:3   | Noticed Ruockun's ghost (journeyman DsNe)
 19213 | Lair:3   | Found a staircase to the Snake Pit.
 19478 | Lair:3   | Reached skill level 1 in Poison Magic
 20189 | Lair:3   | Killed Ruockun's ghost
 20197 | Lair:3   | Got the Grimoire of Position
 20328 | Lair:4   | Reached skill level 1 in Transmutations
 20621 | Lair:4   | Reached skill level 9 in Fighting
 21735 | Lair:5   | Entered Level 5 of the Lair of Beasts
 22469 | Lair:5   | Reached XP level 14. HP: 108/108 MP: 24/27
 22664 | Lair:5   | Found a runed translucent door.
 22914 | Lair:5   | Received a gift from Sif Muna
 22915 | Lair:5   | Got Getauj's Guidebook on the Intoxicating Switch {god
                  | gift}
 22920 | Lair:5   | Learned a level 3 spell: Mephitic Cloud
 23167 | Lair:5   | Found a runed translucent door.
 23167 | Lair:5   | Noticed an acid blob
 23168 | Lair:5   | Found a staircase to the Slime Pits.
 23168 | Lair:5   | Noticed an acid blob
 23168 | Lair:5   | Noticed an acid blob
 23168 | Lair:5   | Noticed an acid blob
 23860 | D:10     | Found a staircase to the Orcish Mines.
 23860 | D:10     | Identified the +8 flail "Okolen" {freeze, Str+3 Dex+5}
 24150 | Orc:1    | Entered Level 1 of the Orcish Mines
 24334 | Orc:2    | Entered Level 2 of the Orcish Mines
 24366 | Orc:2    | Noticed an orc warlord
 24387 | Orc:2    | Killed an orc warlord
 24412 | Orc:2    | Found a dark tunnel.
 24470 | Volcano  | Entered a volcano
 24584 | Volcano  | Reached skill level 5 in Poison Magic
 24699 | Volcano  | Found a burning altar of Makhleb.
 25118 | Orc:2    | Found a staircase to the Elven Halls.
 25145 | Orc:2    | Found Niepusso's Jewellery Shoppe.
 25228 | Orc:2    | Received a gift from Sif Muna
 25229 | Orc:2    | Reached skill level 5 in Fire Magic
 25229 | Orc:2    | Got Sif Muna's Codex of the Befouled Torch {god gift}
 25537 | Orc:2    | Reached skill level 10 in Spellcasting
 25647 | Orc:2    | Found Uryir's Magic Scroll Emporium.
 25647 | Orc:2    | Found Waexzuso's Magic Scroll Shop.
 25649 | Orc:2    | Found Arynynoq's Weapon Emporium.
 25649 | Orc:2    | Found Hoskaorgh's Magic Scroll Shop.
 25663 | Orc:2    | Bought a scroll of blinking for 75 gold pieces
 25663 | Orc:2    | Bought a scroll of blinking for 75 gold pieces
 25666 | Orc:2    | Bought a scroll of teleportation for 39 gold pieces
 25666 | Orc:2    | Bought a scroll of poison for 52 gold pieces
 25668 | Orc:2    | Bought a scroll of summoning for 133 gold pieces
 25668 | Orc:2    | Bought a scroll of teleportation for 42 gold pieces
 25668 | Orc:2    | Bought a scroll of teleportation for 42 gold pieces
 25668 | Orc:2    | Bought a scroll of blinking for 105 gold pieces
 25668 | Orc:2    | Bought a scroll of teleportation for 42 gold pieces
 25673 | Orc:2    | Bought a scroll of enchant armour for 75 gold pieces
 26224 | Orc:1    | Reached skill level 10 in Fighting
 26545 | Orc:2    | Bought a ring of fire for 350 gold pieces
 26716 | D:5      | Bought a manual of Fighting for 960 gold pieces
 27061 | D:2      | Killed Sigmund
 27196 | D:2      | Received a gift from Sif Muna
 27197 | D:2      | Got Sif Muna's Almanac of the Grounded Excursion {god gift}
 27301 | D:2      | Terence changed into Terence the shapeshifter
 27305 | D:2      | Killed Crazy Yiuf
 27411 | D:4      | Killed zammaz's ghost
 27604 | Lair:2   | Killed whodunnit's ghost
 28049 | Lair:5   | Learned a level 5 spell: Fireball
 29157 | D:12     | Reached XP level 15. HP: 117/117 MP: 27/29
 29223 | D:12     | Noticed Erolcha
 29228 | D:12     | Killed Erolcha
 29385 | D:12     | Noticed Frances
 29443 | D:12     | Killed Frances
 29524 | D:12     | Noticed Nessos
 29530 | D:12     | Nessos changed into Nessos the manticore
 29530 | D:12     | Noticed Nessos
 29536 | D:12     | Killed Nessos the manticore
 29698 | D:12     | Found a runed translucent door.
 29707 | D:12     | Noticed svjljgwke's ghost (journeyman MiFi)
 29723 | D:12     | Killed svjljgwke's ghost
 30188 | D:13     | Found a transporter.
 30203 | D:13     | Noticed thfrgi's ghost (journeyman DsGl)
 30461 | D:13     | Reached skill level 11 in Fighting
 30620 | D:13     | Found Xedegaxtei's Assorted Antiques.
 31121 | D:13     | Found a transporter.
 31280 | D:13     | Found a gate to the Vaults.
 32530 | D:13     | Received a gift from Sif Muna
 32537 | D:13     | Got Sif Muna's Progressing With Hermetics {god gift}
 34021 | D:14     | Reached skill level 12 in Fighting
 34167 | D:15     | Entered Level 15 of the Dungeon
 34473 | D:15     | Noticed an emperor scorpion
 34489 | D:15     | Killed an emperor scorpion
 34604 | D:15     | Reached skill level 10 in Invocations
 34781 | D:15     | Found a staircase to the Depths.
 34823 | D:15     | Found Zaymio's Fire Supplies.
 34841 | D:15     | Bought the Spellbook of Kindling for 576 gold pieces
 34844 | D:15     | Learned a level 1 spell: Foxfire
 34936 | D:15     | Reached XP level 16. HP: 129/129 MP: 30/32
 35450 | D:15     | Received a gift from Sif Muna
 35451 | D:15     | Got Udwecre's Vademecum on the Collective Quarry {god gift}
 35680 | D:15     | Learned a level 2 spell: Poisonous Vapours
 36341 | Snake:1  | Entered Level 1 of the Snake Pit
 36354 | Snake:1  | Noticed Mlioglotl
 36657 | Orc:2    | Bought a scroll of amnesia for 40 gold pieces
 36662 | Orc:2    | Bought a scroll of amnesia for 56 gold pieces
 36670 | Orc:2    | Learned a level 6 spell: Starburst
 36860 | Snake:1  | Killed Mlioglotl
 36999 | Snake:1  | Noticed Louise
 37005 | Snake:1  | Killed Louise
 37209 | Snake:1  | Reached skill level 13 in Fighting
 37264 | Snake:1  | Identified Roxanne's Compilation of Transformation
 37264 | Snake:1  | Noticed Roxanne
 37719 | Snake:1  | Killed Roxanne
 37779 | Snake:1  | Found an iron altar of Okawaru.
 38588 | Snake:1  | Noticed Azrael
 38617 | Snake:1  | Killed Azrael
 38815 | Snake:1  | Noticed Aizul
 38824 | Snake:1  | Killed Aizul
 39281 | Snake:1  | Reached skill level 10 in Fire Magic
 39678 | Snake:2  | Upgraded the game from 0.30-a0-859-gf88a04b62d to
                  | 0.30-a0-860-g512cf1e979
 40148 | Snake:2  | Found Zafu Tooph's Jewellery Boutique.
 40452 | Snake:2  | Noticed Kirke
 40459 | Snake:2  | Killed Kirke
 40693 | Snake:2  | Found Zici's Magic Scroll Boutique.
 40693 | Snake:2  | Found Fadayrru's Distillery.
 40744 | Snake:2  | Received a gift from Sif Muna
 41084 | Snake:2  | Reached skill level 14 in Fighting
 41088 | Snake:2  | Bought a scroll of blinking for 90 gold pieces
 41088 | Snake:2  | Bought a scroll of teleportation for 36 gold pieces
 41612 | Snake:2  | Killed from afar by a salamander tyrant

Illustrated notes

Levels and vault maps discovered:
D:1:      heliophobic_arrival_ceremonial_halls, layout_rooms,
          shapermc_ecumenical_altar_petra
D:2:      layout_basic, serial_shops, nicolae_shop_window_shopping,
          uniq_crazy_yiuf_cottage, uniq_sigmund, uniq_terence
D:3:      layout_basic, nicolae_dithmenos_the_darkroom, serial_forest,
          infiniplex_forest_end_2, infiniplex_forest_lined_2,
          infiniplex_forest_end_2, infiniplex_forest_clump_long,
          infiniplex_forest_lined_4_way, infiniplex_forest_lined_3_way
D:4:      nicolae_cairo_tiling_large, layout_basic, nicolae_ossuary_entry_ruins,
          ebering_ghost_sewer_f, chequers_avenue
D:5:      layout_rooms, minmay_temple_entry_antechambers, minmay_door_square,
          minivault_25, minmay_misc_feat_x, minmay_misc_feat_four_crosses,
          nicolae_shop_self_help, uniq_ijyb
D:6:      layout_basic, makhleb_grotto_becter, nicolae_sif_muna_little_library,
          mainiacjoe_overflow_boulevard, serial_shops, nicolae_diamond_shop
D:7:      layout_cave_pods, lemuel_round_altar, elyvilon_altar_5, st_stairs_2
D:8:      layout_rooms, mainiacjoe_overflow_tiny_flanked,
          nicolae_gozag_zags_fifth_avenue, uniq_grum
D:9:      layout_roguey, tgw_kikubaaqudgha, nicolae_ru_the_path_less_chosen,
          lair_entry_dummy, kennysheep_opposing_triangles
D:10:     minmay_the_grid_3x2 [minmay_the_grid_medium_cups,
          minmay_the_grid_dragon_b, minmay_the_grid_fan,
          minmay_the_grid_spin_star, minmay_the_grid_small_cups,
          minmay_the_grid_prize_diamond_cup], layout_layer_cave,
          minmay_orc_entry_temple_small, enter_bailey_7, uniq_erica
D:11:     layout_rooms, gauntlet_entry_generic, nicolae_shop_firing_range,
          uniq_maurice
D:12:     layout_roguey, ebering_ghost_reflecting_pool, uniq_frances,
          uniq_erolcha, uniq_nessos
D:13:     layout_basic, lightli_vaults_fourway_checkpoint, serial_shops, shop,
          gammafunk_ghost_stat_death, hangedman_parallel_progression
D:14:     layout_loops_corners, serial_bayou_pond_d, grunt_decor_resistance
D:15:     hangedman_depths_entry_try_elsewhere_first, layout_stronghold,
          serial_rivers, chequers_serial_rivers_large_b,
          chequers_serial_rivers_large_a, chequers_serial_rivers_micro_e,
          chequers_serial_rivers_micro_d, chequers_serial_rivers_marsh,
          minmay_misc_feat_alley, nicolae_shop_fire_sale
          [nicolae_sub_dead_trees]
Temple:   nicolae_temple_bog_church
Lair:1:   layout_gridlike, special_room [special_room_bee]
Lair:2:   layout_roguey, nicolae_swamp_entry_splash_gauntlet,
          gammafunk_ghost_split
Lair:3:   layout_hall_layers, minmay_snake_entry_guardpost_small,
          ebering_ghost_reflecting_pool
Lair:4:   layout_regular_city, roderic_carrion_pond
Lair:5:   wormcave, layout_hall_layers, guppyfry_lair_end_dragon, slime_entry_2
Snake:1:  layout_cave_pods, basic_altar, grunt_ministairs_7,
          serial_bayou_shore_b, grunt_megastairs_4, lemuel_fruit_tree,
          uniq_mlioglotl, uniq_roxanne, uniq_aizul, uniq_azrael, uniq_louise
Snake:2:  layout_basic, serial_shops, nicolae_shop_advertising_works
          [nicolae_subvault_shop_adworks], nicolae_integral_box,
          minmay_shoptagon, uniq_kirke
Orc:1:    layout_caves
Orc:2:    grunt_orc_tribal_feast, layout_diamond_mine, serial_shops,
          nicolae_shop_trees, nicolae_volcano_entry_lava_flow

Skill      XL: |  1  2  3  4  5  6  7  8  9 10 11 12 13 14 15 16 |
---------------+-------------------------------------------------+-----
Spellcasting   | 3 4 5 6 7 8 9 10 12 13 | 13.1
Conjurations   | 4 5 6 7 8 9 11 12 | 12.2
Hexes          | 1 2 3 4 5 6 |  6.6
Translocations | 2 3 |  3.3
Shields        | 1 3 4 |  4.4
Fighting       | 1 4 6 8 9 10 12 14 | 14.0
Invocations    | 2 5 6 7 9 10 11 | 11.0
Dodging        | 3 5 6 7 8 9 |  9.6
Fire Magic     | 3 4 6 8 10 | 10.5
Poison Magic   | 3 5 |  5.5
Transmutations | 1 |  1.1
Stealth        | |  1.5

Action                     |  1- 3 |  4- 6 |  7- 9 | 10-12 | 13-15 | 16-18 || total
---------------------------+-------+-------+-------+-------+-------+-------++-------
  Melee: Unarmed           |     2 |       |       |       |       |       ||     2
         Dagger            |     2 |       |       |       |       |       ||     2
         Short sword       |       |       |    29 |    30 |    93 |     7 ||   159
  Throw: Throwing net      |       |     1 |       |       |     1 |       ||     2
         Dart              |       |       |       |       |     2 |       ||     2
   Cast: Magic Dart        |    58 |    37 |    96 |    49 |    12 |       ||   252
         Searing Ray       |     6 |    18 |    49 |    43 |    32 |       ||   148
         Fulminant Prism   |       |       |    13 |   153 |   199 |    76 ||   441
         Dazzling Flash    |       |       |     4 |     3 |     3 |     1 ||    11
         Scorch            |       |       |     5 |     6 |    26 |    48 ||    85
         Iskenderun's Myst |       |       |     3 |    50 |   110 |    23 ||   186
         Sting             |       |       |       |     5 |   105 |       ||   110
         Flame Wave        |       |       |       |     1 |     1 |       ||     2
         Ignite Poison     |       |       |       |       |    81 |     7 ||    88
         Olgreb's Toxic Ra |       |       |       |       |    93 |     9 ||   102
         Mephitic Cloud    |       |       |       |       |    37 |     8 ||    45
         Fireball          |       |       |       |       |    51 |    96 ||   147
         Apportation       |       |       |       |       |     6 |       ||     6
         Starburst         |       |       |       |       |       |    20 ||    20
         Poisonous Vapours |       |       |       |       |       |     9 ||     9
         Foxfire           |       |       |       |       |       |     6 ||     6
 Invoke: Channel Magic     |       |       |       |     7 |     6 |     2 ||    15
  Evoke: Wand              |       |     2 |     1 |    10 |    17 |     2 ||    32
         Phial of floods   |       |       |       |       |       |     1 ||     1
    Use: Scroll            |     2 |     1 |     7 |    11 |     6 |     3 ||    30
   Stab: Sleeping          |       |       |     1 |       |     3 |       ||     4
         Distracted        |       |       |       |       |     1 |       ||     1
         Invisible         |       |       |       |       |     1 |       ||     1
         Held in net/web   |       |       |       |       |     3 |       ||     3
 Armour: Robe              |       |     2 |    13 |     1 |    56 |    37 ||   109
         Troll leather arm |       |       |       |    34 |    46 |       ||    80
  Dodge: Dodged            |     2 |    16 |    41 |    50 |   178 |    63 ||   350
  Block: Buckler           |       |       |    12 |    27 |    70 |    26 ||   135

Table legend: (Time is in decaauts)
 A = Elapsed time spent in this place.
 B = Non-inter-level travel time spent in this place.
 C = Inter-level travel time spent in this place.
 D = Time resting spent in this place.
 E = Time spent auto-exploring this place.
 F = Levels seen in this place.
 G = Mean time per level.
                   A        B        C        D        E       F      G
               +--------+--------+--------+--------+--------+-----+--------+
         Total |  41705 |  39156 |   2549 |  13934 |  14045 |  29 | 1438.1 |
       Dungeon |  23316 |  21839 |   1477 |   7345 |   8359 |  15 | 1554.4 |
        Temple |     95 |     83 |     12 |      0 |      0 |   1 |   95.0 |
          Lair |   9749 |   9020 |    729 |   3595 |   3332 |   5 | 1949.8 |
     Snake Pit |   4474 |   4436 |     38 |   1829 |   1529 |   2 | 2237.0 |
  Orcish Mines |   2090 |   1799 |    291 |    563 |    715 |   2 | 1045.0 |
       Ossuary |     57 |     57 |      0 |      0 |      0 |   1 |   57.0 |
        Bailey |    698 |    698 |      0 |    258 |      0 |   1 |  698.0 |
       Volcano |    445 |    445 |      0 |    120 |    110 |   1 |  445.0 |
      Gauntlet |    777 |    777 |      0 |    223 |      0 |   1 |  777.0 |
               +--------+--------+--------+--------+--------+-----+--------+

Top non-repeatable levels by time:
  Lair:5: 2626 daAuts
 Snake:1: 2543 daAuts
     D:9: 2502 daAuts
    D:10: 2450 daAuts
    D:13: 2388 daAuts
  Lair:3: 2180 daAuts
    D:15: 2030 daAuts
 Snake:2: 1930 daAuts
  Lair:1: 1882 daAuts
  Lair:2: 1849 daAuts
     D:3: 1784 daAuts
     D:7: 1604 daAuts
     D:6: 1475 daAuts
    D:14: 1400 daAuts
   Orc:2: 1399 daAuts
